 Dungeon Crawl Stone Soup version 0.22-a0-409-gb855193 (webtiles) character file.

149963 nikopol the Sorcerer (level 16, -1/79 HPs)
             Began as a Deep Elf Fire Elementalist on May 10, 2018.
             Was a High Priest of Vehumet.
             Slain by a flail of protection (7 damage)
             ... on level 2 of the Elven Halls.
             The game lasted 03:02:06 (37104 turns).

nikopol the Sorcerer (Deep Elf Fire Elementalist)  Turns: 37104, Time: 03:02:07

Health: -1/79      AC: 13    Str:  5    XL:     16   Next: 97%
Magic:  20/43      EV: 16    Int: 28    God:    Vehumet [*****.]
Gold:   2294       SH:  6    Dex: 15    Spells: 30/58 levels left

rFire    + . .     SeeInvis +   N - staff of fire
rCold    + . .     Gourm    +   K - +0 buckler
rNeg     . . .     Faith    .   A - +2 robe {MR+}
rPois    .         Spirit   .   h - +2 helmet
rElec    .         Reflect  .   r - +0 cloak
rCorr    .         Harm     .   O - +1 pair of gloves
MR       ++...                  y - +2 pair of boots {Stlth+}
Stlth    ++++......             D - amulet of the gourmand
HPRegen  0.23/turn              M - ring of protection from cold
MPRegen  0.28/turn              p - ring of see invisible

@: about to teleport
A: no striking features
a: Renounce Religion


You were on level 2 of the Elven Halls.
You worshipped Vehumet.
Vehumet was extremely pleased with you.
You were very full.

You visited 5 branches of the dungeon, and saw 26 of its levels.
You also visited: Labyrinth and Ossuary.

You collected 2502 gold pieces.
You spent 208 gold pieces at shops.

Inventory:

Armour
 h - a +2 helmet (worn)
 r - a +0 cloak (worn)
 y - a +2 pair of boots of stealth (worn)
 A - a +2 robe of magic resistance (worn)
 K - a +0 buckler (worn)
 O - a +1 pair of gloves (worn)
Magical Staves
 N - an uncursed staff of fire (weapon)
 R - an uncursed staff of power
Jewellery
 p - a ring of see invisible (right hand)
 D - an amulet of the gourmand (around neck)
 M - a ring of protection from cold (left hand)
 W - an uncursed ring of positive energy
Wands
 d - a wand of enslavement (12)
 x - a wand of polymorph (14)
 B - a wand of iceblast (21)
 F - a wand of scattershot (6)
 G - a wand of digging (65)
 X - a wand of acid (10)
 Y - a wand of disintegration (15)
Scrolls
 a - a scroll of acquirement
 e - 4 scrolls of immolation
 g - 7 scrolls of remove curse
 k - 10 scrolls of teleportation
 l - 11 scrolls of enchant weapon
 m - 7 scrolls of identify
 q - 5 scrolls of fog
 v - 5 scrolls of amnesia
 E - a scroll of summoning
 L - a scroll of magic mapping
 P - 3 scrolls of enchant armour
 V - 3 scrolls of fear
 Z - a scroll of holy word
Potions
 b - 4 potions of resistance
 c - 2 potions of haste
 i - 5 potions of lignification
 j - 9 potions of heal wounds
 o - 4 potions of invisibility
 s - 4 potions of brilliance
 t - 9 potions of curing
 u - a potion of agility
 w - 3 potions of flight
 z - 4 potions of cancellation
 C - 2 potions of ambrosia
 H - 5 potions of magic
 J - 2 potions of might
Miscellaneous
 I - a fan of gales
 S - a lightning rod (4/4)
 T - a phantom mirror
 U - a crystal ball of energy
Comestibles
 f - 45 rations
 n - 2 chunks of flesh


   Skills:
 + Level 1.5 Fighting
 + Level 6.7 Dodging
 + Level 5.4 Stealth
 * Level 9.1 Shields
 + Level 21.5 Spellcasting
 + Level 16.3 Conjurations
 + Level 1.8 Translocations
 + Level 16.1 Fire Magic
 + Level 5.0 Earth Magic
 + Level 0.1 Evocations


You had 30 spell levels left.
You knew the following spells:

 Your Spells              Type           Power        Failure   Level  Hunger
a - Flame Tongue          Conj/Fire      #####        0%          1    None
b - Throw Flame           Conj/Fire      ######       0%          2    None
c - Conjure Flame         Conj/Fire      ########     0%          3    None
d - Sticky Flame          Conj/Fire      ########     0%          4    None
e - Fireball              Conj/Fire      ########..   1%          5    None
f - Blink                 Tloc           N/A          1%          2    None
g - Bolt of Magma         Conj/Fire/Erth ########..   1%          5    None
h - Iron Shot             Conj/Erth      ######....   1%          6    None


Dungeon Overview and Level Annotations

Branches:
Dungeon (15/15)            Temple (1/1) D:6            Lair (6/6) D:8
  Swamp (0/4) Lair:4       Spider (0/4) Lair:3        Slime (0/5) Lair:6
    Orc (2/2) D:9             Elf (2/3) Orc:2        Vaults (0/5) D:14
 Depths (0/5) D:15

Altars:
Ashenzari
Cheibriados
Dithmenos
Elyvilon
Fedhas
Gozag
Hepliaklqana
Kikubaaqudgha
Makhleb
Nemelex Xobeh
Okawaru
Qazlal
Ru
Sif Muna
Trog
Uskayaw
Vehumet
Wu Jian
Xom
Yredelemnul
Zin
The Shining One
Beogh

Shops:
D:11 !   Orc:1 =   Orc:2 }([(

Portals:
Trove: D:10 (give 2 scrolls of acquirement)

Annotations:
D:7 2 transporters


Message History

The hand axe of chopping partially resists.
The hand axe of chopping is severely damaged.
The bolt of magma hits the deep elf knight.
The deep elf knight is almost dead.
The flail of protection hits you but does no damage.
You block the hand axe of chopping's attack.
The halberd of venom hits you but does no damage.
You block the flail of protection's attack.
The hand axe of chopping closely misses you.
The deep elf knight hits you with a long sword of holy wrath!
You block the scimitar of electrocution's attack.
The deep elf mage casts a spell at you.
The bolt of lightning hits the flail of protection.
The flail of protection completely resists.
The bolt of lightning hits the deep elf knight.
The deep elf knight dies!
The bolt of lightning hits you!
* * * LOW HITPOINT WARNING * * *
The flail of protection hits you!
You die...

#..#.......#..##.....'..>...
#..#.......#..##.....#######
#..###...###..###...##
#....#...#....# #####
#....#...#....# ######'''######
## #####...##### ### ## # ##.#
##...''#''...####.####.## #.
#...##...).###..@..##...##...##..
..............)(((..)...........
.#............(e.(...#..........
##..........(......###.........
##.........e.....## ##).......
##..........*......###.........
..#.........e.....)...#..........
.................................
........*........................


You could see a deep elf knight, 2 deep elf magi, 5 dancing weapons and a
battlesphere.

Vanquished Creatures
  Rupert (Orc:2)
  A deep elf blademaster (Elf:2)
  An orc warlord (Orc:2)
  Azrael (D:13)
  A minotaur (Lab)
  Snorg (D:11)
  Josephine (D:15)
  9 hydras
  7 catoblepae
  A death knight (D:12)
  5 centaur warriors
  14 dancing weapons
  13 two-headed ogres
  3 tengu warriors
  The ghost of Anon1729 the Geomancer, a journeyman FeEE of Sif Muna (D:12)
  15 death yaks
  Urug (D:11)
  3 orc high priests
  Nergalle (D:10)
  4 deep elf knights
  4 skeletal warriors
  4 unseen horrors
  A wizard (D:15)
  4 deep elf archers
  A necromancer (D:15)
  6 orc knights
  3 oklob plants (Lair:5)
  5 orc sorcerers
  30 deep elf magi
  8 ugly things
  4 cyclopes
  4 manticores
  A salamander (shapeshifter) (Elf:1)
  4 elephants
  Maurice (D:13)
  7 black mambas
  4 gargoyles
  Psyche (D:8)
  9 spiny frogs
  A rime drake (Lair:2)
  2 kobold demonologists
  10 komodo dragons
  An efreet (D:11)
  A yaktaur (D:11)
  2 freezing wraiths
  A merfolk (D:9)
  2 hornets
  9 trolls
  2 polar bears
  Grinder (D:5)
  6 blink frogs
  Prince Ribbit (D:8)
  A harpy skeleton (D:15)
  5 hippogriffs
  4 dream sheep (Lair:5)
  2 meliai zombies
  A centaur simulacrum (D:11)
  A spriggan (D:7)
  5 air elementals
  3 water elementals
  A shadow (D:12)
  6 wraiths
  A tarantella (shapeshifter) (Elf:2)
  6 wyverns
  83 yaks
  A hungry ghost (D:11)
  Grum (D:10)
  2 basilisks
  7 fire elementals
  16 humans
  A hog (D:9)
  A steam dragon (Lair:4)
  2 vampire mosquitoes (D:15)
  2 wargs (Orc:2)
  Menkaure (D:5)
  A soldier ant (D:13)
  An acid dragon (D:15)
  19 water moccasins
  11 porcupines
  3 hell hounds (D:13)
  30 orc warriors
  11 black bears
  2 eyes of draining
  6 sky beasts
  9 ogres
  A phantom (D:7)
  3 ice beasts
  16 wolves
  12 centaurs
  18 crocodiles
  12 big kobolds
  25 bullfrogs
  4 gnoll sergeants
  4 earth elementals
  A water moccasin skeleton (D:5)
  2 wyvern skeletons
  4 scorpions
  31 killer bees
  6 wights
  5 howler monkeys
  7 electric eels
  5 centaur zombies
  5 bullfrog zombies
  10 crimson imps
  A quasit (D:5)
  6 centaur skeletons
  2 gnoll shamans
  7 hounds
  8 jellies
  28 orc wizards
  23 orc priests
  6 bullfrog skeletons
  6 iguanas
  12 worker ants
  A killer bee zombie (D:9)
  2 big kobold zombies (Ossuary)
  2 hound zombies (Ossuary)
  A hound skeleton (D:7)
  3 mummies (Ossuary)
  11 gnolls
  A howler monkey skeleton (D:5)
  12 adders
  4 shadow imps
  5 oozes (Lair:6)
  4 adder zombies (Ossuary)
  3 worms
  4 dart slugs
  6 leopard geckos
  115 orcs
  9 giant cockroaches
  14 goblins
  8 hobgoblins
  7 jackals
  36 kobolds
  9 quokkas
  A ball python (D:1)
  A ball python skeleton (D:5)
  8 bats
  7 frilled lizards
  3 gnoll zombies (Ossuary)
  3 goblin zombies (Ossuary)
  A hobgoblin zombie (Ossuary)
  5 jackal zombies (Ossuary)
  2 kobold zombies (Ossuary)
  2 leopard gecko skeletons
  3 orc zombies (Ossuary)
  A quokka skeleton (D:5)
  4 quokka zombies (Ossuary)
  9 rats
  2 rat zombies (Ossuary)
  A bush (Lair:5)
  4 fungi
  15 plants
1069 creatures vanquished.

Vanquished Creatures (others)
  A deep elf knight (Elf:2)
  The ghost of Borgoz the Cleaver, a novice GrFi of Ashenzari (D:7)
  A water elemental (Elf:1)
  A hound (D:6)
  9 fungi
  21 plants
34 creatures vanquished.

Grand Total: 1103 creatures vanquished

Notes
Turn   | Place    | Note
-------+----------+-------------------------------------------
     0 | D:1      | nikopol the Deep Elf Fire Elementalist began the quest for the Orb.
     0 | D:1      | Reached XP level 1. HP: 10/10 MP: 6/6
   160 | D:1      | Reached XP level 2. HP: 15/15 MP: 6/8
   589 | D:1      | Reached XP level 3. HP: 19/19 MP: 7/10
   958 | D:2      | Reached skill level 4 in Spellcasting
  1116 | D:2      | Reached XP level 4. HP: 23/24 MP: 7/12
  2001 | D:3      | Reached XP level 5. HP: 28/28 MP: 10/14
  2027 | D:3      | Learned a level 2 spell: Throw Flame
  2031 | D:3      | Learned a level 3 spell: Conjure Flame
  2036 | D:3      | Learned a level 4 spell: Sticky Flame
  2150 | D:3      | Reached skill level 5 in Spellcasting
  2515 | D:4      | Found a sand-covered staircase.
  2524 | Ossuary  | Entered an ossuary
  2663 | Ossuary  | Reached XP level 6. HP: 26/32 MP: 6/16
  2830 | Ossuary  | Reached skill level 6 in Spellcasting
  3420 | D:4      | Found a basalt altar of Yredelemnul.
  4023 | D:4      | Reached XP level 7. HP: 32/36 MP: 17/19
  4162 | D:5      | Entered Level 5 of the Dungeon
  4162 | D:5      | Noticed Grinder
  4174 | D:5      | Killed Grinder
  4174 | D:5      | Reached skill level 7 in Spellcasting
  4174 | D:5      | Reached skill level 5 in Fire Magic
  4275 | D:5      | Learned a level 5 spell: Fireball
  4278 | D:5      | Learned a level 2 spell: Blink
  4480 | D:5      | Noticed Menkaure
  4482 | D:5      | Killed Menkaure
  4534 | D:5      | Reached skill level 8 in Spellcasting
  4671 | D:5      | Reached XP level 8. HP: 37/41 MP: 17/22
  4967 | D:5      | Found an ancient bone altar of Kikubaaqudgha.
  5193 | D:6      | Reached skill level 5 in Conjurations
  5398 | D:6      | Reached skill level 1 in Fighting
  5398 | D:6      | Reached skill level 9 in Spellcasting
  6036 | D:6      | Found a staircase to the Ecumenical Temple.
  6045 | Temple   | Entered the Ecumenical Temple
  6167 | Temple   | Became a worshipper of Vehumet
  6438 | D:7      | Killed Borgoz's ghost
  6507 | D:7      | Reached XP level 9. HP: 47/47 MP: 23/24
  6692 | D:7      | Reached skill level 10 in Spellcasting
  6762 | D:7      | Found a transporter.
  7422 | D:7      | Found a transporter.
  7457 | D:7      | Reached * piety under Vehumet
  7457 | D:7      | Offered knowledge of Freeze by Vehumet.
  7508 | D:8      | Found a staircase to the Lair.
  7514 | D:8      | Reached skill level 11 in Spellcasting
  7637 | D:8      | Noticed Psyche
  7718 | D:8      | Killed Psyche
  7990 | D:8      | Found a stormy altar of Qazlal.
  8081 | D:8      | Reached skill level 12 in Spellcasting
  8121 | D:8      | Reached XP level 10. HP: 52/52 MP: 25/28
  8124 | D:8      | Reached skill level 5 in Dodging
  8125 | D:8      | Reached ** piety under Vehumet
  8125 | D:8      | Offered knowledge of Throw Frost by Vehumet.
  8250 | D:8      | Noticed Prince Ribbit
  8256 | D:8      | Killed Prince Ribbit
  8375 | Lair:1   | Entered Level 1 of the Lair of Beasts
  8752 | Lair:1   | Reached skill level 13 in Spellcasting
  9193 | Lair:1   | Reached skill level 1 in Shields
  9642 | Lair:2   | Offered knowledge of Dazzling Spray by Vehumet.
  9662 | Lair:2   | Reached skill level 10 in Fire Magic
  9662 | Lair:2   | Reached XP level 11. HP: 50/56 MP: 20/30
  9796 | Lair:2   | Found a basalt altar of Yredelemnul.
  9903 | Lair:2   | Reached *** piety under Vehumet
  9978 | Lair:2   | Reached skill level 14 in Spellcasting
 10460 | Lair:2   | Noticed a five-headed hydra
 10466 | Lair:2   | Killed a five-headed hydra
 10466 | Lair:2   | Offered knowledge of Stone Arrow by Vehumet.
 10804 | Lair:2   | Reached skill level 10 in Conjurations
 11046 | Lair:3   | Found a hole to the Spider Nest.
 11179 | Lair:3   | Noticed an eight-headed hydra
 11299 | Lair:3   | Noticed a seven-headed hydra
 11301 | Lair:3   | Killed a seven-headed hydra
 11301 | Lair:3   | Reached skill level 15 in Spellcasting
 11419 | Lair:3   | Killed an eight-headed hydra
 11419 | Lair:3   | Reached XP level 12. HP: 60/60 MP: 17/33
 11592 | Lair:3   | Noticed a six-headed hydra
 11627 | Lair:3   | Killed a six-headed hydra
 11988 | Lair:3   | Reached skill level 5 in Stealth
 12035 | Lair:3   | Reached **** piety under Vehumet
 12040 | Lair:3   | Offered knowledge of Yara's Violent Unravelling by Vehumet.
 12572 | Lair:4   | Identified a scroll of acquirement
 12633 | Lair:4   | Noticed a seven-headed hydra
 12639 | Lair:4   | Killed a seven-headed hydra
 12639 | Lair:4   | Reached skill level 16 in Spellcasting
 12758 | Lair:4   | Found a labyrinth entrance.
 12768 | Lab      | Entered a labyrinth
 13319 | Lab      | Noticed a minotaur
 13327 | Lab      | Killed a minotaur
 13327 | Lab      | Reached skill level 5 in Shields
 13877 | Lair:4   | Noticed a death yak
 13879 | Lair:4   | Noticed a death yak
 13880 | Lair:4   | Noticed a death yak
 13881 | Lair:4   | Noticed a death yak
 13881 | Lair:4   | Noticed a death yak
 13881 | Lair:4   | Noticed a death yak
 13894 | Lair:4   | Killed a death yak
 13894 | Lair:4   | Killed a death yak
 13897 | Lair:4   | Killed a death yak
 14071 | Lair:4   | Found a staircase to the Swamp.
 14176 | Lair:4   | Reached XP level 13. HP: 64/64 MP: 22/35
 14528 | Lair:4   | Reached skill level 17 in Spellcasting
 15851 | Lair:5   | Reached ***** piety under Vehumet
 15853 | Lair:5   | Offered knowledge of Bolt of Magma by Vehumet.
 15862 | Lair:5   | Learned a level 5 spell: Bolt of Magma
 16858 | Lair:6   | Entered Level 6 of the Lair of Beasts
 16878 | Lair:6   | Reached skill level 18 in Spellcasting
 17074 | Lair:6   | Learned a level 6 spell: Iron Shot
 17357 | Lair:6   | Found a staircase to the Slime Pits.
 17384 | Lair:6   | Got a jewelled mace
 17386 | Lair:6   | Identified the +8 mace of the Slime-mould {elec, rElec rC- Str+4 Int+2} (You found it on level 6 of the Lair of Beasts)
 17905 | Lair:6   | Reached XP level 14. HP: 70/70 MP: 32/38
 18405 | Lair:6   | Reached skill level 1 in Earth Magic
 18618 | Lair:6   | Found the +8 glaive of the Guard {elec, +Rage AC+5 SInv}
 19215 | D:9      | Found a staircase to the Orcish Mines.
 19253 | D:9      | Found a sacrificial altar of Ru.
 19827 | D:9      | Offered knowledge of Bolt of Draining by Vehumet.
 20478 | D:9      | Got an ichor-stained flail {crush}
 20480 | D:9      | Identified the cursed +3 flail "Ofypp" {crush, rF+ rN+ Int+2 Stlth-} (You took it off a centaur on level 9 of the Dungeon)
 21082 | D:10     | Entered Level 10 of the Dungeon
 21109 | Orc:1    | Entered Level 1 of the Orcish Mines
 21760 | Orc:1    | Found Siffyo's Jewellery Boutique.
 21897 | Orc:2    | Entered Level 2 of the Orcish Mines
 22197 | Orc:2    | Found a roughly hewn altar of Beogh.
 22247 | Orc:2    | Noticed Rupert
 22254 | Orc:2    | Killed Rupert
 22254 | Orc:2    | Reached skill level 19 in Spellcasting
 22502 | Orc:2    | Found a roughly hewn altar of Beogh.
 22506 | Orc:2    | Offered knowledge of Ozocubu's Refrigeration by Vehumet.
 22545 | Orc:2    | Found Xymnad's Antique Weapon Shoppe.
 22741 | Orc:2    | Found an iron altar of Okawaru.
 22785 | Orc:2    | Found a roughly hewn altar of Beogh.
 22825 | Orc:2    | Found a staircase to the Elven Halls.
 22914 | Orc:2    | Noticed an orc warlord
 23193 | Orc:2    | Killed an orc warlord
 23564 | Orc:2    | Found Gammoebb's Antique Armour Shoppe.
 23565 | Orc:2    | Found a roughly hewn altar of Beogh.
 23568 | Orc:2    | Found Jiesu's Antique Weapon Emporium.
 23667 | Orc:2    | Found a roughly hewn altar of Beogh.
 23669 | Orc:2    | Found Woosmofick's Gadget Boutique.
 24130 | D:10     | Noticed Grum
 24432 | D:10     | Offered knowledge of Venom Bolt by Vehumet.
 24663 | D:10     | Killed Grum
 24696 | D:10     | Reached XP level 15. HP: 74/74 MP: 26/40
 25000 | D:10     | Found a portal to a secret trove of treasure.
 25156 | D:10     | Got an ivory trident
 25157 | D:10     | Identified the cursed +1 trident of Taty {pain, rPois Dex+3} (You found it on level 10 of the Dungeon)
 25284 | D:10     | Noticed Nergalle
 25286 | D:10     | Killed Nergalle
 25604 | D:11     | Found Miecsyze's Distillery.
 25607 | D:11     | Bought a potion of magic for 128 gold pieces
 25607 | D:11     | Bought a potion of heal wounds for 80 gold pieces
 26504 | D:11     | Noticed Urug
 26507 | D:11     | Killed Urug
 26555 | D:11     | Reached skill level 15 in Fire Magic
 26880 | D:11     | Identified the Compendium of Envenoming and the Voyage
 26884 | D:11     | Identified the Compendium of the Glacier and Stones
 27110 | D:11     | Noticed Snorg
 27115 | D:11     | Killed Snorg
 27531 | D:12     | Reached skill level 20 in Spellcasting
 28029 | D:12     | Reached skill level 15 in Conjurations
 28031 | D:12     | Noticed Anon1729's ghost (journeyman FeEE)
 28045 | D:12     | Killed Anon1729's ghost
 28200 | D:12     | Reached ****** piety under Vehumet
 28674 | D:13     | Offered knowledge of Spellforged Servitor by Vehumet.
 28723 | D:13     | Found a basalt altar of Yredelemnul.
 28823 | D:13     | Noticed Maurice
 28831 | D:13     | Killed Maurice
 29105 | D:13     | Noticed Azrael
 29111 | D:13     | Killed Azrael
 30121 | D:14     | Found a gate to the Vaults.
 30466 | D:14     | Offered knowledge of Conjure Ball Lightning by Vehumet.
 30957 | D:14     | Reached XP level 16. HP: 79/79 MP: 34/42
 31047 | D:15     | Entered Level 15 of the Dungeon
 31325 | D:15     | Found a shattered altar of Ashenzari.
 31677 | D:15     | Found a staircase to the Depths.
 31933 | D:15     | Noticed Josephine
 31968 | D:15     | Killed Josephine
 33121 | Elf:1    | Entered Level 1 of the Elven Halls
 33286 | Elf:1    | HP: 3/79 [air elemental (1)]
 33298 | Elf:1    | Reached skill level 21 in Spellcasting
 34521 | Elf:2    | Offered knowledge of Poison Arrow by Vehumet.
 34813 | Elf:2    | Found a runed gate.
 34813 | Elf:2    | Found a runed gate.
 34815 | Elf:2    | Found a runed gate.
 36726 | Elf:2    | Reached skill level 1 in Translocations
 36968 | Elf:2    | Reached skill level 5 in Earth Magic
 37080 | Elf:2    | Noticed a deep elf blademaster
 37085 | Elf:2    | Killed a deep elf blademaster
 37104 | Elf:2    | Slain by a flail of protection

Vault maps used:
D:1:      dpeg_arrival_erosion
D:2:      eino_tiny_chamber, grunt_ministairs_4
D:4:      gup_sewer_entry_bubbles, nicolae_ossuary_entry_monument, first_ration,
          yredelemnul_altar_generic
D:5:      basic_altar, uniq_menkaure, uniq_grinder
D:6:      lemuel_temple_firewalk_b
D:7:      gammafunk_cloud_chamber, the_bakery
D:8:      grunt_qazlal_clouds, lair_entry_dummy, uniq_psyche,
          uniq_prince_ribbit1
D:9:      kennysheep_town
D:10:     nicolae_trove_entry_crystal, uniq_grum, uniq_nergalle
D:11:     minmay_the_grid_octo_tiled_octocenter, serial_shops,
          kennysheep_mini_moat, hangedman_abyss_or_decor_stagger, uniq_urug,
          uniq_snorg
D:12:     serial_park_tiny_pond
D:13:     basic_altar, uniq_maurice, uniq_azrael
D:14:     david_vaults_3, small_statue_alley_a
D:15:     grunt_enter_depths_magical_seal, nicolae_ashenzari_panopticon,
          uniq_josephine
Temple:   roderic_octagonal_lattice_temple
Lair:1:   nicolae_quartered_pool_little, minivault_11, minmay_stone_trees_large,
          lemuel_fruit_tree
Lair:2:   lemuel_altar_in_water2, grunt_megastairs_5
Lair:3:   spider_nest_entry_web_field, minivault_26,
          hangedman_lair_generics_rect
Lair:4:   swamp_mist_pool, lab_entry_generic, serial_bayou_crossing
Lair:5:   dpeg_oklob_gauntlet, infiniplex_staircase_pool
Lair:6:   evilmike_catoblepas_cave, nicolae_slime_entry_slimehenge,
          st_stairs_11, patterned_corridor
Orc:1:    serial_shops, shop
Orc:2:    grunt_orc_community_town_hall, grunt_orc_community_big_house_1,
          grunt_orc_community_big_house_1, grunt_orc_community_house_2,
          grunt_orc_community_house_1, grunt_orc_community_house_3,
          grunt_orc_community_house_3, nicolae_orc_pool_cavern, abandoned_shop,
          okawaru_metal_pillars_1_2, uniq_rupert
Elf:1:    eino_elf_arrival_shootout, evilmike_minifort, chequers_big_river
Lab:      labyrinth_spiral, labyrinth_skeletal_remains
Ossuary:  minmay_ossuary_two_tombs

Skill      XL: |  1  2  3  4  5  6  7  8  9 10 11 12 13 14 15 16 |
---------------+-------------------------------------------------+-----
Fire Magic     | 4 5 7 8 10 11 12 13 14 15 16 | 16.1
Spellcasting   | 4 5 6 8 9 12 13 15 16 18 19 20 21 | 21.5
Stealth        | 3 4 5 |  5.4
Conjurations   | 2 3 4 6 7 8 10 11 13 14 15 16 | 16.3
Dodging        | 3 4 5 6 |  6.7
Fighting       | 1 |  1.5
Shields        | 1 3 5 6 7 9 |  9.1
Earth Magic    | 2 4 5 |  5.0
Translocations | 1 |  1.8
Evocations     | |  0.1

Action                   |  1- 3 |  4- 6 |  7- 9 | 10-12 | 13-15 | 16-18 || total
-------------------------+-------+-------+-------+-------+-------+-------++-------
Melee: Dagger            |     2 |     2 |    25 |       |       |       ||    29
       Staff             |       |       |       |       |     5 |       ||     5
 Cast: Flame Tongue      |    76 |   204 |   177 |   115 |   350 |    38 ||   960
       Conjure Flame     |       |     7 |     6 |     4 |     8 |     3 ||    28
       Throw Flame       |       |     1 |    24 |    25 |    13 |       ||    63
       Sticky Flame      |       |       |    25 |    31 |    78 |    14 ||   148
       Fireball          |       |       |    18 |   123 |   351 |   105 ||   597
       Bolt of Magma     |       |       |       |       |    93 |    30 ||   123
       Blink             |       |       |       |       |     5 |    21 ||    26
       Iron Shot         |       |       |       |       |    26 |    48 ||    74
Evoke: Wand              |       |       |       |     1 |       |     3 ||     4
  Use: Scroll            |       |    14 |     1 |     5 |    23 |     5 ||    48
       Potion            |       |       |       |       |     1 |     5 ||     6
  Eat: Chunk             |       |     6 |    30 |    19 |    53 |    17 ||   125
       Ration            |       |     1 |       |       |       |       ||     1
Armor: Robe              |     6 |    18 |    24 |     3 |    43 |    14 ||   108
Dodge: Dodged            |    29 |    40 |    62 |    20 |   118 |    41 ||   310
Block: Buckler           |       |       |       |     2 |    47 |    22 ||    71

Table legend:
 A = Spawn XP
 B = Non-spawn XP
 C = Spawn XP percentage of total XP
 D = Spawn monster count
 E = Non-spawn monster count
 F = Spawn count percentage of total count
 G = Total turns spent on level
                    A         B        C        D         E        F      G
               +---------+---------+-------+---------+---------+-------+---------
         Total |       0 |  214234 |   0.0 |       0 |    1050 |   0.0 | 37104
               +---------+---------+-------+---------+---------+-------+---------
           D:1 |       0 |      51 |   0.0 |       0 |      30 |   0.0 |   850
           D:2 |       0 |     117 |   0.0 |       0 |      27 |   0.0 |   967
           D:3 |       0 |      82 |   0.0 |       0 |      22 |   0.0 |   561
           D:4 |       0 |     257 |   0.0 |       0 |      26 |   0.0 |  1003
           D:5 |       0 |     962 |   0.0 |       0 |      21 |   0.0 |  1007
           D:6 |       0 |     897 |   0.0 |       0 |      15 |   0.0 |  1034
           D:7 |       0 |    1425 |   0.0 |       0 |      30 |   0.0 |  1070
           D:8 |       0 |    2005 |   0.0 |       0 |      35 |   0.0 |   893
           D:9 |       0 |    7962 |   0.0 |       0 |      77 |   0.0 |  2995
          D:10 |       0 |    6025 |   0.0 |       0 |      54 |   0.0 |  1319
          D:11 |       0 |   18363 |   0.0 |       0 |      84 |   0.0 |  2081
          D:12 |       0 |   10385 |   0.0 |       0 |      44 |   0.0 |  1131
          D:13 |       0 |    9921 |   0.0 |       0 |      43 |   0.0 |  1565
          D:14 |       0 |   10023 |   0.0 |       0 |      28 |   0.0 |   875
          D:15 |       0 |   19645 |   0.0 |       0 |      53 |   0.0 |  1884
        Lair:1 |       0 |    3770 |   0.0 |       0 |      20 |   0.0 |  1386
        Lair:2 |       0 |    8188 |   0.0 |       0 |      36 |   0.0 |  1319
        Lair:3 |       0 |   10441 |   0.0 |       0 |      39 |   0.0 |  2034
        Lair:4 |       0 |   13759 |   0.0 |       0 |      36 |   0.0 |  1609
        Lair:5 |       0 |   11879 |   0.0 |       0 |      39 |   0.0 |  1726
        Lair:6 |       0 |   18624 |   0.0 |       0 |      51 |   0.0 |  1586
         Orc:1 |       0 |    5722 |   0.0 |       0 |      49 |   0.0 |   888
         Orc:2 |       0 |   12717 |   0.0 |       0 |      86 |   0.0 |  1548
         Elf:1 |       0 |   19905 |   0.0 |       0 |      36 |   0.0 |  2605
         Elf:2 |       0 |   19645 |   0.0 |       0 |      33 |   0.0 |  1378
           Lab |       0 |    1223 |   0.0 |       0 |       1 |   0.0 |   777
       Ossuary |       0 |     241 |   0.0 |       0 |      35 |   0.0 |   781
               +---------+---------+-------+---------+---------+-------+---------
